| TOP OF THE 1ST |
|
Burlington Bees batting - Pitching for Quad Cities River Bandits : RHP Robin Yelland
|
|
Pitching: RHP Robin Yelland
|
|
|
Batting: RHB Jonathan Ellis
|
0-0: Fly out, F1 (Line Drive, P, EV 63.8 MPH)
|
|
Batting: RHB Ryan Munro
|
0-0: Swinging Strike 0-1: Ball 1-1: Ball 2-1: Foul Ball, location: 2F 2-2: Fly out, F5 (Line Drive, 5, EV 69.4 MPH)
|
|
Batting: RHB Melvin Gomez
|
0-0: Called Strike 0-1: Ball 1-1: Ball 2-1: DOUBLE (Line Drive, 3D, EV 104.4 MPH)
|
|
Batting: LHB Bill Kirtley
|
0-0: Ground out 3-1 (Groundball, 34S, EV 85.0 MPH)
|
| Top of the 1st over - 0 runs, 1 hit, 0 errors, 1 left on base; Burlington 0 - Quad Cities 0 |
| BOTTOM OF THE 1ST |
|
Quad Cities River Bandits batting - Pitching for Burlington Bees : RHP Humberto Paniagua
|
|
Pitching: RHP Humberto Paniagua
|
|
|
Batting: LHB Dylan LaRose
|
0-0: Ground out 4-3 (Groundball, 4S, EV 85.0 MPH)
|
|
Batting: RHB Joe Cook
|
0-0: Ball 1-0: Ball 2-0: Ball 3-0: Base on Balls
|
|
Batting: LHB Doug Anderson
|
0-0: Ball 1-0: Foul Ball, location: 2F 1-1: Ball 2-1: Ground out 6-3 (Groundball, 6MS, EV 91.9 MPH) Joe Cook to second
|
|
Batting: RHB Pete Isley
|
0-0: Fly out, F7 (Flyball, 7S, EV 83.1 MPH)
|
| Bottom of the 1st over - 0 runs, 0 hits, 0 errors, 1 left on base; Burlington 0 - Quad Cities 0 |
| TOP OF THE 2ND |
|
Burlington Bees batting - Pitching for Quad Cities River Bandits : RHP Robin Yelland
|
|
Batting: LHB Rusty Ney
|
0-0: Called Strike 0-1: Ball 1-1: Ball 2-1: Swinging Strike 2-2: Ball 3-2: Foul Ball, location: 2F 3-2: Base on Balls
|
|
Batting: RHB Ryuji Ito
|
0-0: Called Strike 0-1: Ball 1-1: Ball 2-1: Foul Ball, location: 2F Pickoff Throw to First - Error! E1 Rusty Ney to second 2-2: Foul Ball, location: 2F 2-2: Strikes out swinging
|
|
Batting: LHB Jorge Zermeno
|
0-0: Ball 1-0: Ball 2-0: Ball 3-0: Called Strike 3-1: SINGLE (Line Drive, 8LS, EV 109.4 MPH) Rusty Ney to third Runner from 3rd tries for Home, throw by CF and OUT! 8-2
|
|
Batting: RHB Ben Herman
|
0-0: Ball Wild Pitch! Jorge Zermeno to second 1-0: Hit by Pitch
|
|
Batting: SHB Tim Connell
|
0-0: Swinging Strike 0-1: Fly out, F4 (Flyball, 34D, EV 82.5 MPH)
|
| Top of the 2nd over - 0 runs, 1 hit, 1 error, 2 left on base; Burlington 0 - Quad Cities 0 |
| BOTTOM OF THE 2ND |
|
Quad Cities River Bandits batting - Pitching for Burlington Bees : RHP Humberto Paniagua
|
|
Batting: RHB Jamie Jennings
|
0-0: Ball 1-0: Swinging Strike 1-1: Ball 2-1: Fly out, F7 (Flyball, 7S, EV 87.5 MPH)
|
|
Batting: SHB Paskar Adegoke
|
0-0: Foul Ball, location: 2F 0-1: Fly out, F7 (Flyball, 7LD, EV 81.9 MPH)
|
|
Batting: RHB Colin Cranford
|
0-0: Foul Ball, location: 2F 0-1: Swinging Strike 0-2: Ball 1-2: Ball 2-2: Ground out 5-3 (Groundball, 56, EV 91.9 MPH)
|
| Bottom of the 2nd over - 0 runs, 0 hits, 0 errors, 0 left on base; Burlington 0 - Quad Cities 0 |
| TOP OF THE 3RD |
|
Burlington Bees batting - Pitching for Quad Cities River Bandits : RHP Robin Yelland
|
|
Batting: RHB Jonathan Ellis
|
0-0: Ground out 6-3 (Groundball, 6S, EV 88.1 MPH)
|
|
Batting: RHB Ryan Munro
|
0-0: Ball 1-0: Fly out, F3 (Popup, 3SF, EV 71.9 MPH)
|
|
Batting: RHB Melvin Gomez
|
0-0: Called Strike 0-1: SINGLE (Groundball, 34D, EV 96.2 MPH)
|
|
Batting: LHB Bill Kirtley
|
0-0: Ball 1-0: Ball Melvin Gomez steals 2nd base 2-0: Ground out U3 (Groundball, 3S, EV 73.1 MPH)
|
| Top of the 3rd over - 0 runs, 1 hit, 0 errors, 1 left on base; Burlington 0 - Quad Cities 0 |
| BOTTOM OF THE 3RD |
|
Quad Cities River Bandits batting - Pitching for Burlington Bees : RHP Humberto Paniagua
|
|
Batting: RHB Ben Glavich
|
0-0: Ground out 5-3 (Groundball, 56, EV 85.6 MPH)
|
|
Batting: RHB Steve Moore
|
0-0: Ball 1-0: Ground out 5-3 (Groundball, 56, EV 88.1 MPH)
|
|
Batting: LHB Dylan LaRose
|
0-0: Ball 1-0: Foul Ball, location: 2F 1-1: Ground out 4-3 (Groundball, 34, EV 106.9 MPH)
|
| Bottom of the 3rd over - 0 runs, 0 hits, 0 errors, 0 left on base; Burlington 0 - Quad Cities 0 |
| TOP OF THE 4TH |
|
Burlington Bees batting - Pitching for Quad Cities River Bandits : RHP Robin Yelland
|
|
Batting: LHB Rusty Ney
|
0-0: Foul Ball, location: 2F 0-1: Ball 1-1: Called Strike 1-2: DOUBLE (Line Drive, 9LS, EV 103.8 MPH)
|
|
Batting: RHB Ryuji Ito
|
0-0: Called Strike 0-1: Ball 1-1: Ball 2-1: Foul Ball, location: 2F 2-2: Ground out 4-3 (Groundball, 34, EV 101.2 MPH) Rusty Ney to third
|
|
Batting: LHB Jorge Zermeno
|
0-0: Ball 1-0: Called Strike 1-1: Swinging Strike 1-2: Ball 2-2: Foul Ball, location: 2F 2-2: Strikes out swinging
|
|
Batting: RHB Ben Herman
|
0-0: Fly out, F4 (Line Drive, 4, EV 74.4 MPH)
|
| Top of the 4th over - 0 runs, 1 hit, 0 errors, 1 left on base; Burlington 0 - Quad Cities 0 |
| BOTTOM OF THE 4TH |
|
Quad Cities River Bandits batting - Pitching for Burlington Bees : RHP Humberto Paniagua
|
|
Batting: RHB Joe Cook
|
0-0: Ball 1-0: Ball 2-0: Called Strike 2-1: Fly out, F8 (Flyball, 8RM, EV 86.2 MPH)
|
|
Batting: LHB Doug Anderson
|
0-0: DOUBLE (Line Drive, 8LXD, EV 108.1 MPH)
|
|
Batting: RHB Pete Isley
|
0-0: Ball 1-0: Called Strike 1-1: Called Strike 1-2: Foul Ball, location: 2F 1-2: Strikes out looking
|
|
Batting: RHB Jamie Jennings
|
0-0: Ball 1-0: Ground out 4-3 (Groundball, 34, EV 102.5 MPH)
|
| Bottom of the 4th over - 0 runs, 1 hit, 0 errors, 1 left on base; Burlington 0 - Quad Cities 0 |
| TOP OF THE 5TH |
|
Burlington Bees batting - Pitching for Quad Cities River Bandits : RHP Robin Yelland
|
|
Batting: SHB Tim Connell
|
0-0: Ground out 4-3 (Groundball, 4S, EV 78.1 MPH)
|
|
Batting: RHB Jonathan Ellis
|
0-0: Ground out 6-3 (Groundball, 6, EV 86.2 MPH)
|
|
Batting: RHB Ryan Munro
|
0-0: Ball 1-0: Foul Ball, location: 2F 1-1: Ball 2-1: Ball 3-1: Foul Ball, location: 2F 3-2: SINGLE (Line Drive, 6MD, EV 97.5 MPH)
|
|
Batting: RHB Melvin Gomez
|
0-0: Ball Wild Pitch! Ryan Munro to second 1-0: Swinging Strike 1-1: Foul Ball, location: 2F 1-2: Fly out, F9 (Flyball, 89S, EV 72.5 MPH)
|
| Top of the 5th over - 0 runs, 1 hit, 0 errors, 1 left on base; Burlington 0 - Quad Cities 0 |
| BOTTOM OF THE 5TH |
|
Quad Cities River Bandits batting - Pitching for Burlington Bees : RHP Humberto Paniagua
|
|
Batting: SHB Paskar Adegoke
|
0-0: Ball 1-0: Ball 2-0: Ball 3-0: Base on Balls
|
|
Batting: RHB Colin Cranford
|
0-0: Foul Ball, location: 2F 0-1: SINGLE (Groundball, 56, EV 98.1 MPH) Paskar Adegoke to second
|
|
Batting: RHB Ben Glavich
|
0-0: Called Strike 0-1: Ball 1-1: Ball 2-1: Ball 3-1: Base on Balls Paskar Adegoke to third Colin Cranford to second
|
|
Batting: RHB Steve Moore
|
0-0: Ball 1-0: Ball 2-0: Foul Ball, location: 2F 2-1: DOUBLE (Line Drive, 78D, EV 100.0 MPH) Paskar Adegoke scores Colin Cranford scores Ben Glavich to third
|
|
Batting: LHB Dylan LaRose
|
0-0: Ball 1-0: Ball 2-0: Swinging Strike 2-1: Foul Ball, location: 2F 2-2: Reached on error, E1 (Groundball, 13S, EV 70.0 MPH) Ben Glavich scores Steve Moore to third
|
|
Batting: RHB Joe Cook
|
0-0: Ball 1-0: Fly out, F7 (Flyball, 7LM, EV 79.4 MPH)
|
|
Batting: LHB Doug Anderson
|
0-0: Ball Dylan LaRose is caught stealing 2nd base 2-6 1-0: Ball 2-0: Ball 3-0: Base on Balls
|
|
Batting: RHB Pete Isley
|
0-0: Ball 1-0: Ball 2-0: Swinging Strike 2-1: SINGLE (Line Drive, 9LM, EV 103.8 MPH) Steve Moore scores Doug Anderson to second Runner from 2nd tries for 3rd, SAFE, throw by RF made to third
|
|
Batting: RHB Jamie Jennings
|
0-0: Ball 1-0: SINGLE (Groundball, 34D, EV 106.9 MPH) Doug Anderson scores Pete Isley to second Runner from 2nd tries for 3rd, SAFE, throw by RF made to third
|
|
Pitching: LHP Cody Bodenhamer
|
|
|
Batting: SHB Paskar Adegoke
|
0-0: Ball 1-0: Ball 2-0: Foul Ball, location: 2F 2-1: Foul Ball, location: 2F 2-2: Strikes out swinging
|
| Bottom of the 5th over - 5 runs, 4 hits, 1 error, 2 left on base; Burlington 0 - Quad Cities 5 |
| TOP OF THE 6TH |
|
Burlington Bees batting - Pitching for Quad Cities River Bandits : RHP Robin Yelland
|
|
Batting: LHB Bill Kirtley
|
0-0: Fly out, F7 (Flyball, 78S, EV 93.1 MPH)
|
|
Batting: LHB Rusty Ney
|
0-0: Foul Ball, location: 2F 0-1: Ball 1-1: Fly out, F8 (Flyball, 8LXD, EV 106.2 MPH)
|
|
Batting: RHB Ryuji Ito
|
0-0: Ball 1-0: Called Strike 1-1: Ball 2-1: Fly out, F3 (Line Drive, 3, EV 63.8 MPH)
|
| Top of the 6th over - 0 runs, 0 hits, 0 errors, 0 left on base; Burlington 0 - Quad Cities 5 |
| BOTTOM OF THE 6TH |
|
Quad Cities River Bandits batting - Pitching for Burlington Bees : LHP Cody Bodenhamer
|
|
Batting: RHB Colin Cranford
|
0-0: Ball 1-0: Ball 2-0: Called Strike 2-1: Ground out U3 (Groundball, 34S, EV 76.9 MPH)
|
|
Batting: RHB Ben Glavich
|
0-0: Ball 1-0: Foul Ball, location: 2F 1-1: Ball 2-1: Ground out 6-3 (Groundball, 6D, EV 81.9 MPH)
|
|
Batting: RHB Steve Moore
|
0-0: Ground out 5-3 (Groundball, 56S, EV 89.4 MPH)
|
| Bottom of the 6th over - 0 runs, 0 hits, 0 errors, 0 left on base; Burlington 0 - Quad Cities 5 |
| TOP OF THE 7TH |
|
Burlington Bees batting - Pitching for Quad Cities River Bandits : RHP Robin Yelland
|
|
Batting: LHB Jorge Zermeno
|
0-0: Called Strike 0-1: Ball 1-1: Ball 2-1: Ball 3-1: Foul Ball, location: 2F 3-2: Foul Ball, location: 2F 3-2: Base on Balls
|
|
Batting: RHB Ben Herman
|
0-0: DOUBLE (Groundball, 3L, EV 107.5 MPH) Jorge Zermeno to third
|
|
Batting: SHB Tim Connell
|
0-0: Ball 1-0: Called Strike 1-1: Ball 2-1: Swinging Strike 2-2: Foul Ball, location: 2F 2-2: Foul Ball, location: 2F 2-2: Ball 3-2: Strikes out swinging
|
|
Batting: RHB Jonathan Ellis
|
0-0: Ball 1-0: Ball Wild Pitch! Jorge Zermeno scores Ben Herman to third 2-0: Ball 3-0: Base on Balls
|
|
Batting: RHB Ryan Munro
|
0-0: TRIPLE (Flyball, 7LD, EV 97.5 MPH) Ben Herman scores Jonathan Ellis scores
|
|
Batting: RHB Melvin Gomez
|
0-0: Ball 1-0: Ball 2-0: Foul Ball, location: 2F 2-1: Foul Ball, location: 2F 2-2: Ball 3-2: Base on Balls
|
|
Pitching: RHP Ray Leuthauser
|
|
|
Batting: LHB Bill Kirtley
|
0-0: Swinging Strike 0-1: Called Strike 0-2: Strikes out looking Melvin Gomez steals 2nd base Batter strikes out.
|
|
Batting: LHB Rusty Ney
|
0-0: DOUBLE (Line Drive, 9LM, EV 105.6 MPH) Ryan Munro scores Melvin Gomez scores
|
|
Batting: RHB Ryuji Ito
|
0-0: Called Strike 0-1: Swinging Strike 0-2: Strikes out swinging
|
| Top of the 7th over - 5 runs, 3 hits, 0 errors, 1 left on base; Burlington 5 - Quad Cities 5 |
| BOTTOM OF THE 7TH |
|
Quad Cities River Bandits batting - Pitching for Burlington Bees : LHP Cody Bodenhamer
|
|
Batting: LHB Dylan LaRose
|
0-0: Ball 1-0: Called Strike 1-1: Ball 2-1: Ball 3-1: Ground out 4-3 (Groundball, 4, EV 98.8 MPH)
|
|
Batting: RHB Joe Cook
|
0-0: Ball 1-0: Ground out 1-3 (Groundball, P, EV 64.4 MPH)
|
|
Batting: LHB Doug Anderson
|
0-0: Ball 1-0: Called Strike 1-1: Reached on error, E4 (Groundball, 4, EV 98.8 MPH)
|
|
Batting: RHB Pete Isley
|
0-0: Ball 1-0: Ground out 5-3 (Groundball, 56, EV 81.9 MPH)
|
| Bottom of the 7th over - 0 runs, 0 hits, 1 error, 1 left on base; Burlington 5 - Quad Cities 5 |
| TOP OF THE 8TH |
|
Burlington Bees batting - Pitching for Quad Cities River Bandits : RHP Ray Leuthauser
|
|
DELAY
|
Rain delay of 35 minutes in the 8th inning.
|
|
Batting: LHB Jorge Zermeno
|
0-0: Ball 1-0: Ball 2-0: Called Strike 2-1: Ground out 6-3 (Groundball, 4M, EV 83.1 MPH)
|
|
Pitching: RHP Justin Coney
|
|
|
Batting: RHB Ben Herman
|
0-0: Foul Ball, location: 2F 0-1: Foul Ball, location: 2F 0-2: DOUBLE (Flyball, 8RD, EV 86.9 MPH)
|
|
Batting: SHB Tim Connell
|
0-0: Fly out, F8 (Flyball, 89D, EV 105.6 MPH)
|
|
Batting: RHB Jonathan Ellis
|
0-0: Ball 1-0: Fly out, F8 (Flyball, 8LD, EV 100.6 MPH)
|
| Top of the 8th over - 0 runs, 1 hit, 0 errors, 1 left on base; Burlington 5 - Quad Cities 5 |
| BOTTOM OF THE 8TH |
|
Quad Cities River Bandits batting - Pitching for Burlington Bees : LHP Cody Bodenhamer
|
|
Pitching: RHP Craig Murphy
|
|
|
Batting: RHB Jamie Jennings
|
0-0: Ball 1-0: Ball 2-0: Ball 3-0: Called Strike 3-1: DOUBLE (Groundball, 5L, EV 104.4 MPH)
|
|
Batting: SHB Paskar Adegoke
|
0-0: Intentional Walk
|
|
Batting: RHB Colin Cranford
|
0-0: Bunted foul 0-1: Sac Bunt to 15 - play at first, batter OUT! 1-4 Jamie Jennings to third Paskar Adegoke to second
|
|
Batting: RHB Ben Glavich
|
0-0: Foul Ball, location: 2F 0-1: Called Strike 0-2: Foul Ball, location: 2F 0-2: Ball 1-2: Strikes out swinging
|
|
Batting: RHB Steve Moore
|
0-0: Called Strike 0-1: Ball 1-1: SINGLE (Groundball, 56S, EV 64.4 MPH) (infield hit) Jamie Jennings scores Paskar Adegoke to third
|
|
Batting: LHB Dylan LaRose
|
0-0: Ball 1-0: Ground out 4-3 (Groundball, 4, EV 86.2 MPH)
|
| Bottom of the 8th over - 1 run, 2 hits, 0 errors, 2 left on base; Burlington 5 - Quad Cities 6 |
| TOP OF THE 9TH |
|
Burlington Bees batting - Pitching for Quad Cities River Bandits : RHP Justin Coney
|
|
Batting: RHB Ryan Munro
|
0-0: Ball 1-0: Ball 2-0: Ball 3-0: Called Strike 3-1: SINGLE (Line Drive, 7LM, EV 103.8 MPH)
|
|
Batting: RHB Melvin Gomez
|
0-0: Called Strike 0-1: Ball 1-1: Ball 2-1: Ball Wild Pitch! Ryan Munro to second 3-1: Foul Ball, location: 2F 3-2: Base on Balls
|
|
Batting: LHB Bill Kirtley
|
0-0: Ball 1-0: Foul Ball, location: 2F 1-1: SINGLE (Groundball, 56D, EV 96.2 MPH) Ryan Munro to third Melvin Gomez to second Runner from 3rd tries for Home, SAFE, throw by LF to home
|
|
Pitching: RHP Tim Watson
|
|
|
Batting: LHB Rusty Ney
|
0-0: Ball 1-0: Ball 2-0: Swinging Strike 2-1: Foul Ball, location: 2F 2-2: Foul Ball, location: 2F 2-2: Strikes out swinging
|
|
Batting: RHB Ryuji Ito
|
0-0: Ball 1-0: Called Strike 1-1: Foul Ball, location: 2F 1-2: Ball 2-2: Ball 3-2: DOUBLE (Flyball, 8LXD, EV 98.8 MPH) Melvin Gomez scores Bill Kirtley to third Runner from 3rd tries for Home, SAFE, throw by CF to home
|
|
Batting: LHB Jorge Zermeno
|
0-0: Intentional Walk
|
|
Batting: RHB Ben Herman
|
0-0: Called Strike 0-1: Foul Ball, location: 2F 0-2: Foul Ball, location: 2F 0-2: Ball 1-2: Ball 2-2: Ball 3-2: SINGLE (Groundball, 6MD, EV 99.4 MPH) Ryuji Ito to third Jorge Zermeno to second Runner from 3rd tries for Home, throw by CF and OUT! 8-2 Jorge Zermeno to third Ben Herman to second
|
|
Batting: SHB Tim Connell
|
0-0: Foul Ball, location: 2F 0-1: Foul Ball, location: 2F 0-2: Ball 1-2: Ball 2-2: Ground out 4-3 (Groundball, 4M, EV 103.1 MPH)
|
| Top of the 9th over - 3 runs, 4 hits, 0 errors, 2 left on base; Burlington 8 - Quad Cities 6 |
| BOTTOM OF THE 9TH |
|
Quad Cities River Bandits batting - Pitching for Burlington Bees : RHP Craig Murphy
|
|
Pitching: RHP Trece Hunter
|
|
|
Batting: RHB Joe Cook
|
0-0: SINGLE (Groundball, 56S, EV 65.0 MPH) (infield hit)
|
|
Batting: LHB Doug Anderson
|
0-0: Called Strike 0-1: Swinging Strike 0-2: Foul Ball, location: 2F 0-2: SINGLE (Groundball, 4MD, EV 94.4 MPH) Joe Cook to second
|
|
Batting: RHB Pete Isley
|
0-0: Called Strike 0-1: Ball 1-1: Called Strike 1-2: Foul Ball, location: 2F 1-2: Strikes out swinging
|
|
Batting: RHB Jamie Jennings
|
0-0: DOUBLE (Line Drive, 5D, EV 95.6 MPH) Joe Cook scores Doug Anderson to third Runner from 3rd tries for Home, SAFE, throw by LF to home
|
|
Batting: SHB Paskar Adegoke
|
0-0: Intentional Walk
|
|
Batting: RHB Colin Cranford
|
0-0: Ball 1-0: Ball 2-0: Ground out 5-3 (Groundball, 56, EV 101.9 MPH) Jamie Jennings to third Paskar Adegoke to second
|
|
Batting: RHB Ben Glavich
|
0-0: Swinging Strike 0-1: Foul Ball, location: 2F 0-2: Ball 1-2: Strikes out swinging
|
| Bottom of the 9th over - 2 runs, 3 hits, 0 errors, 2 left on base; Burlington 8 - Quad Cities 8 |
| TOP OF THE 10TH |
|
Burlington Bees batting - Pitching for Quad Cities River Bandits : RHP Tim Watson
|
|
Batting: RHB Jonathan Ellis
|
0-0: Fly out, F3 (Flyball, 3D, EV 94.4 MPH)
|
|
Batting: RHB Ryan Munro
|
0-0: Swinging Strike 0-1: Ball 1-1: Fly out, F8 (Flyball, 89M, EV 80.0 MPH)
|
|
Batting: RHB Melvin Gomez
|
0-0: Ball 1-0: Ground out 6-3 (Groundball, 6, EV 86.2 MPH)
|
| Top of the 10th over - 0 runs, 0 hits, 0 errors, 0 left on base; Burlington 8 - Quad Cities 8 |
| BOTTOM OF THE 10TH |
|
Quad Cities River Bandits batting - Pitching for Burlington Bees : RHP Trece Hunter
|
|
Pitching: LHP Tyler Kenney
|
|
|
Batting: RHB Steve Moore
|
0-0: Ball 1-0: Ground out 4-3 (Groundball, 4, EV 87.5 MPH)
|
|
Pinch Hitting: RHB Raul Sanchez
|
0-0: Ground out 5-3 (Groundball, 15, EV 91.9 MPH)
|
|
Batting: RHB Joe Cook
|
0-0: Ball 1-0: Ball 2-0: Foul Ball, location: 2F 2-1: SINGLE (Line Drive, 5L, EV 102.5 MPH)
|
|
Batting: LHB Doug Anderson
|
0-0: Called Strike Joe Cook steals 2nd base 0-1: Foul Ball, location: 2F 0-2: 2-RUN HOME RUN (Flyball, 78XD, EV 98.1 MPH), Distance : 399 ft
|
| Bottom of the 10th over - 2 runs, 2 hits, 0 errors, 0 left on base; Burlington 8 - Quad Cities 10 |
| |
|
Game Over ... Quad Cities defeats Burlington, 10 to 8
|
|
|